 Dungeon Crawl Stone Soup version 0.28-a0-628-g3c9886e45e (webtiles) character file.

Game seed: 5427383485097256111

548 demibob the Poker (level 7, -4/52 HPs)
             Began as a Demonspawn Abyssal Knight on Oct 9, 2021.
             Was a Priest of Lugonu.
             Splashed by a jelly's acid (5 damage)
             ... on level 4 of the Dungeon.
             The game lasted 00:10:22 (4982 turns).

demibob the Poker (Demonspawn Abyssal Knight)       Turns: 4982, Time: 00:10:23

Health: -4/52      AC: -8    Str: 16    XL:     7   Next: 7%
Magic:  8/8        EV: 13    Int: 11    God:    Lugonu [***...]
Gold:   84         SH:  5    Dex: 21    Spells: 6/6 levels left

rFire   + . .      SeeInvis .   a - +1 spear
rCold   . . .      Faith    .   (no shield)
rNeg    . . .      Spirit   .   b - +0 leather armour
rPois   .          Reflect  +   (helmet restricted)
rElec   .          Harm     .   (no cloak)
rCorr   .          Rampage  .   (no gloves)
Will    .....                   (no boots)
Stlth   +++.......              e - amulet of reflection
HPRegen 0.17/turn               D - +6 ring of dexterity
MPRegen 0.22/turn               F - ring of protection from fire

@: corroded
A: antennae 1, thin skeletal structure 1, powered by pain 1, magic regeneration
a: Renounce Religion, Depart the Abyss, Bend Space, Banish


You were on level 4 of the Dungeon.
You worshipped Lugonu.
Lugonu was most pleased with you.
You visited 1 branch of the dungeon, and saw 4 of its levels.
You visited the Abyss 1 time.
You also visited: Ossuary.

You collected 84 gold pieces.


Innate Abilities, Weirdness & Mutations

You have a pair of small antennae on your head.
You have a somewhat thin skeletal structure. (Dex +2, Stealth+)
You sometimes gain a little power by taking damage.
You regenerate magic rapidly.


   Skills:
 - Level 3.0 Fighting
 + Level 6.2 Polearms
 - Level 1.7 Armour
 - Level 3.3 Dodging
 - Level 2.4 Invocations


You had 6 spell levels left.
You didn't know any spells.
Your spell library contained the following spells:

 Spells                   Type           Power      Damage    Failure   Level
 Corpse Rot               Necr/Air       N/A        N/A       54%         2
 Poisonous Vapours        Pois/Air       0%         N/A       54%         2

Inventory:

Hand Weapons
 a - a +1 spear (weapon)
Armour
 b - a +0 leather armour (worn)
Jewellery
 e - an amulet of reflection (around neck)
 D - a +6 ring of dexterity (left hand)
 F - a ring of protection from fire (right hand)
Scrolls
 f - a scroll of magic mapping
 m - a scroll of identify {@r1}
Potions
 c - 4 potions of curing {@q1}
 d - a potion of heal wounds {@q2}
 g - a potion of resistance
 i - 4 potions of brilliance

Dungeon Overview and Level Annotations

Branches:
Dungeon (4/15)            Ossuary (visited)
 Temple: D:4-7

Altars:
The Shining One

#.# #.# #
##.#########.# #
#............####
#........###.#..)
#.#####.####.#.##
#.##...(...#.#.#
##.##.#####...#.#
#J....# #.....#
#@.##.# #.....#
#..##.# #....##
#.....#####...##
#.###.......###
#.#####....J..#***
#.##..............
#.##.##...........
#.#..).......(....
#.#.....#.......J#


You could see a jelly.


Message History

The jelly is heavily wounded.
You block the jelly's attack.
You are too injured to fight recklessly!
You are too injured to fight recklessly!
You are too injured to fight recklessly!
You are too injured to fight recklessly!
You are too injured to fight recklessly!
You are too injured to fight recklessly!
You are too injured to fight recklessly!
You are too injured to fight recklessly!
You are too injured to fight recklessly!
You hit the jelly.
Your hands burn!
* * * LOW HITPOINT WARNING * * *
The jelly is heavily wounded.
The jelly hits you.
* * * LOW HITPOINT WARNING * * *
You are splashed with acid!
* * * LOW HITPOINT WARNING * * *
You hit the jelly.
Your hands burn!
* * * LOW HITPOINT WARNING * * *
The jelly is severely wounded.
You barely miss the jelly.
The jelly is severely wounded.
The jelly misses you.
You hit the jelly but do no damage. The acid corrodes you!
Your hands burn!
* * * LOW HITPOINT WARNING * * *
The jelly is severely wounded.
You block the jelly's attack.
You hit the jelly but do no damage.
Your hands burn!
You die...

Skill      XL: |  1  2  3  4  5  6 |
---------------+-------------------+-----
Dodging        | 1 2 3 |  3.3
Polearms       | 2 3 4 6 |  6.2
Fighting       | |  3.0
Armour         | |  1.7
Invocations    | |  2.4

Action                   |  1- 3 |  4- 6 |  7- 9 || total
-------------------------+-------+-------+-------++-------
Melee: Spear             |   115 |   380 |    47 ||   542
       Unarmed           |       |     4 |       ||     4
Evoke: Wand              |       |       |     1 ||     1
  Use: Potion            |       |     6 |       ||     6
       Scroll            |       |     3 |     4 ||     7
 Stab: Sleeping          |     2 |     3 |       ||     5
       Distracted        |       |     1 |       ||     1
Armor: Leather armour    |    21 |    33 |     1 ||    55
Dodge: Dodged            |    49 |   126 |    11 ||   186
Block: Other             |       |    43 |     9 ||    52

Levels and vault maps discovered:
D:1:      lightli_iron_boxes, layout_basic, basic_ecumenical_altar
D:2:      layout_rooms, uniq_jessica
D:3:      layout_basic, corner_web_ring, hangedman_decor_points, uniq_terence
D:4:      layout_loops_ring, tso_altar, enter_ossuary_3

Notes
Turn   | Place    | Note
-------+----------+-------------------------------------------
     0 | Abyss:1  | demibob the Demonspawn Abyssal Knight began the quest for
                  | the Orb.
     0 | Abyss:1  | Reached XP level 1. HP: 18/18 MP: 2/2
    21 | D:1      | You pass through the gate.
    21 | D:1      | Escaped the Abyss
    44 | D:1      | Reached skill level 1 in Dodging
    47 | D:1      | Reached skill level 2 in Polearms
   177 | D:1      | Gained mutation: You regenerate magic rapidly. [demonic
                  | ancestry]
   177 | D:1      | Reached XP level 2. HP: 23/24 MP: 3/3
   343 | D:1      | Found a faded altar of an unknown god.
   486 | D:1      | Reached ** piety under Lugonu
   522 | D:1      | Reached skill level 2 in Dodging
   770 | D:1      | Gained mutation: You sometimes gain a little power by
                  | taking damage. [demonic ancestry]
   770 | D:1      | Reached XP level 3. HP: 28/29 MP: 4/4
  1017 | D:2      | Noticed Jessica
  1034 | D:2      | Killed Jessica
  1111 | D:2      | Reached skill level 3 in Polearms
  1158 | D:2      | Reached XP level 4. HP: 22/35 MP: 5/5
  2542 | D:4      | Found a sand-covered staircase.
  2566 | Ossuary  | Entered an ossuary
  2697 | Ossuary  | Reached skill level 3 in Dodging
  2716 | Ossuary  | Reached XP level 5. HP: 21/41 MP: 6/6
  2956 | Ossuary  | Reached skill level 4 in Polearms
  3024 | Ossuary  | Reached *** piety under Lugonu
  3224 | Ossuary  | Gained mutation: You have a pair of small antennae on your
                  | head. [demonic ancestry]
  3224 | Ossuary  | Reached XP level 6. HP: 20/47 MP: 7/7
  3444 | Ossuary  | Reached skill level 5 in Polearms
  4289 | D:4      | Reached skill level 6 in Polearms
  4410 | D:4      | Gained mutation: You have a somewhat thin skeletal
                  | structure. (Dex +2, Stealth+) [demonic ancestry]
  4410 | D:4      | Reached XP level 7. HP: 46/52 MP: 8/8
  4789 | D:4      | Identified a potion of resistance
  4981 | D:4      | HP: 1/52 [acid (5)]
  4982 | D:4      | Splashed by a jelly's acid

Vanquished Creatures
  5 water moccasin zombies (Ossuary)
  Jessica (D:2)
  An orc wizard (D:4)
  A hound skeleton (D:4)
  2 mummies (Ossuary)
  4 gnolls
  3 adders
  A river rat (D:4)
  A worm zombie (D:4)
  4 adder zombies (Ossuary)
  2 worms (D:2)
  3 dart slugs
  3 orcs (D:4)
  5 ball pythons
  8 bats
  4 endoplasms
  5 giant cockroaches
  3 goblins
  4 hobgoblins (D:1)
  A frilled lizard (D:1)
  7 gnoll zombies
  6 hobgoblin zombies (Ossuary)
  5 kobolds
  9 kobold zombies (Ossuary)
  3 orc zombies (Ossuary)
  5 rats
96 creatures vanquished.

Table legend: (Time is in decaauts)
 A = Elapsed time spent in this place.
 B = Non-inter-level travel time spent in this place.
 C = Inter-level travel time spent in this place.
 D = Time resting spent in this place.
 E = Time spent auto-exploring this place.
 F = Levels seen in this place.
 G = Mean time per level.
                   A        B        C        D        E       F      G
               +--------+--------+--------+--------+--------+-----+--------+
         Total |   4911 |   4861 |     50 |   2309 |   1607 |   6 |  818.5 |
       Dungeon |   3672 |   3622 |     50 |   1453 |   1546 |   4 |  918.0 |
         Abyss |     21 |     21 |      0 |      0 |      0 |   1 |   21.0 |
       Ossuary |   1218 |   1218 |      0 |    855 |     61 |   1 | 1218.0 |
               +--------+--------+--------+--------+--------+-----+--------+

Top non-repeatable levels by time:
     D:4: 1457 daAuts
 Ossuary: 1218 daAuts
     D:1: 952 daAuts
     D:2: 809 daAuts
     D:3: 453 daAuts
 Abyss:1: 21 daAuts

Table legend:
 A = Non-vault XP
 B = Vault XP
 C = Vault XP percentage of total XP
 D = Non-vault monster count
 E = Vault monster count
 F = Vault count percentage of total count
                 A         B        C        D         E       F
            +---------+---------+-------+---------+---------+-------
      Total |     257 |     526 |  67.2 |      58 |      38 |  39.6
            +---------+---------+-------+---------+---------+-------
        D:1 |      42 |       0 |   0.0 |      23 |       0 |   0.0
        D:2 |      41 |      37 |  47.4 |      15 |       1 |   6.2
        D:3 |      35 |       0 |   0.0 |       7 |       0 |   0.0
        D:4 |     139 |       8 |   5.4 |      13 |       2 |  13.3
    Ossuary |       0 |     481 | 100.0 |       0 |      35 | 100.0
            +---------+---------+-------+---------+---------+-------
